[Event "EYTCC Open U18 2022"]
[Site "Thessaloniki"]
[Date "2022.07.18"]
[Round "7.1"]
[White "Levin, Guy"]
[Black "Baum, Jonasz"]
[Result "1-0"]
[ECO "A06"]
[WhiteElo "2363"]
[BlackElo "2410"]
[Annotator "TA"]
[PlyCount "121"]
[EventDate "2022.07.12"]
[EventType "team-tourn"]
[EventCountry "GRE"]
[SourceTitle "playchess.com"]
[Source "ChessBase"]
[SourceQuality "1"]
[WhiteTeam "Israel"]
[BlackTeam "Poland"]
[WhiteTeamCountry "ISR"]
[BlackTeamCountry "POL"]
[TimeControl "40/5400+30:1800+30"]

1. Nf3 d5 2. g3 Nd7 3. d4 Nb6 4. Bg2 Bf5 5. a4 a5 6. b3 {[%emt 0:03:33] D02: 1 d4 d5 2 Nf3 sidelines, including 2...Nf6 3 g3 and 2...Nf6 3 Bf4.} e6 7. O-O Be7 8. Nbd2 {[%emt 0:06:03] The position is equal.} h6 9. c4 {[%emt 0:03:15] [#]} Nf6 $146 ({Predecessor:} 9... c6 10. Bb2 Nf6 11. Re1 Bb4 12. Ba3 Bxa3 13. Rxa3 O-O 14. e3 Ne4 15. Qc1 Bh7 {1-0 (53) Migot,T (2353)-Quirke,J (2086) Chess.com INT 2022}) 10. Ne5 c6 11. e3 Bh7 12. Qe2 O-O 13. Bb2 Nbd7 14. Rfd1 Qb6 15. Nxd7 Nxd7 16. e4 dxe4 17. Bxe4 Bxe4 18. Qxe4 (18. Nxe4 $5 Rfd8 19. Rd3 $11) 18... Rfd8 19. Qc2 Rac8 20. h4 (20. c5 $5 Qc7 21. Nc4 $14) 20... Nf6 21. Nf3 Ng4 22. Rd3 Qc7 23. Qe2 Bf8 24. Rad1 b5 25. cxb5 cxb5 26. Rc3 Qb6 27. Rxc8 Rxc8 28. Qxb5 Qxb5 29. axb5 {[%emt 0:00:03] aiming for d5.} Nf6 (29... Rb8 $11) 30. Ra1 $16 {[%emt 0:01:20] White stays focused until the end.} Bb4 {[%emt 0:00:19] [#]} 31. Ba3 $1 Rb8 32. Bxb4 axb4 {[%emt 0:00:01][%mdl 4096] Endgame KRN-KRN} 33. Ne5 Rb7 (33... Rxb5 $16 {might work better.} 34. Ra8+ Kh7) 34. Ra8+ $18 Kh7 35. Ra5 Nd5 {[%emt 0:00:29] [#]} 36. Nc4 $1 Nc3 37. b6 {[%emt 0:00:01] Black must now prevent Ra7.} Ne2+ 38. Kf1 Nxd4 39. Ra4 Nxb3 40. Rxb4 Nc5 41. Na5 Rb8 42. b7 Kg6 43. Rb5 Nxb7 44. h5+ ({Don't do} 44. Nxb7 f5 45. Ke2 Kf6 $18) ({Don't play} 44. Rxb7 Rxb7 45. Nxb7 h5) 44... Kf6 45. Nxb7 {[%emt 0:00:43] KRN-KR} g6 46. hxg6 Kxg6 47. Nd6 {[%emt 0:00:22] Against Rc8} Rd8 48. Nc4 {[%emt 0:00:34] Ne5+ is the strong threat.} f6 {[%emt 0:03:16] Against Ne5+} 49. Kg2 Rd4 50. Ne3 h5 51. Kh3 Rd2 52. Ng2 e5 $2 (52... Kg7 53. f4 Rd1) 53. Nh4+ Kf7 54. Rb7+ Ke6 55. Kg2 e4 56. Rb6+ Kf7 57. Rb7+ Ke6 58. Rb4 {[%emt 0:00:25] White is clearly winning.} Ke5 59. Rb5+ Ke6 60. Kf1 Rd3 61. Ke2 {[%emt 0:00:15] Inhibits e3.  Weighted Error Value: White=0.12 (very precise) /Black=0.23 (precise)} 1-0

[Event "EYTCC Open U18 2022"]
[Site "Thessaloniki"]
[Date "2022.07.18"]
[Round "7.2"]
[White "Czopor, Maciej"]
[Black "Yaniv, Yuval"]
[Result "1/2-1/2"]
[ECO "E77"]
[WhiteElo "2415"]
[BlackElo "2305"]
[Annotator "TA"]
[PlyCount "73"]
[EventDate "2022.07.12"]
[EventType "team-tourn"]
[EventCountry "GRE"]
[SourceTitle "playchess.com"]
[Source "ChessBase"]
[SourceQuality "1"]
[WhiteTeam "Poland"]
[BlackTeam "Israel"]
[WhiteTeamCountry "POL"]
[BlackTeamCountry "ISR"]
[TimeControl "40/5400+30:1800+30"]

1. d4 Nf6 2. c4 g6 3. Nc3 Bg7 4. e4 d6 5. f4 c5 6. d5 O-O 7. Nf3 b5 8. cxb5 a6 9. a4 axb5 10. Bxb5 Ba6 11. Rb1 {[%emt 0:01:12] E76: King's Indian: Four Pawns Attack: Lines specific to 6 Nf3 move-order.} Bxb5 12. axb5 {[%emt 0:00:06] [#]} Qb6 $146 ({Predecessor:} 12... Qa5 13. O-O Ne8 14. Bd2 Qb4 15. Ra1 Rxa1 16. Qxa1 Nc7 17. Qa7 Nxb5 18. Nxb5 Qxb5 19. Qxe7 Re8 20. Qxd6 Rxe4 21. Ne5 Qe8 22. Bc3 f6 23. Ra1 Bf8 {1-0 (23) Kayonde,A (2404)-Aderito,P (2318) Kampala 2016}) 13. O-O {[%emt 0:16:20] White is better.} Nbd7 14. Kh1 Ne8 $1 15. Qd3 Nc7 $1 16. Nd2 f5 (16... Qb7 $11) 17. exf5 Rxf5 18. Re1 Bf8 (18... Bxc3 $2 19. bxc3 Re8 20. Nc4 $18) ({Black should try} 18... Rf7 $1 $14) 19. Nde4 $36 {[%emt 0:04:09][%mdl 2048] Keeping Black busy.} Qb7 20. Ng3 (20. g4 $142 Rf7 21. Ng5) 20... Rf7 21. f5 Ne5 {[%emt 0:02:25] [#]} (21... gxf5 $16 22. Bf4 (22. Nxf5 Ne5 $11) 22... c4 23. Qxc4 Rb8) 22. Rxe5 $1 $18 dxe5 23. fxg6 hxg6 24. Qxg6+ Rg7 {[%emt 0:00:40] [#]} 25. Qf5 (25. Qd3 $1 $18) 25... Rf7 (25... Nxb5 $14 26. Nxb5 Qxb5) 26. Qg4+ $16 ({Much less strong is} 26. Qxe5 $6 Nxb5 27. Qg5+ Rg7 $14) 26... Rg7 27. Qc4 {[%emt 0:00:53] Strongly threatening d6+. White is more active.} Ne8 28. d6+ Rf7 (28... e6 $16) 29. dxe7 $18 {[%emt 0:00:48] Dancing on a razor blade.} Qxe7 30. Be3 ({Resist} 30. Nf5 $6 Qf6 31. Qg4+ Kh8 32. Qh5+ Rh7 $14) 30... Nd6 31. Qxc5 (31. Qg4+ $18 Rg7 32. Qf3) 31... Rc8 $16 32. Qd5 Nc4 33. Bg1 {[%emt 0:01:09] aiming for Nce4.} Qd7 34. Qxd7 Rxd7 35. Nce4 (35. Nge4 $16 {Nf6+ is the strong threat.} Rb7 36. g4) 35... Rb7 $14 36. b3 (36. Ra1 $5 ) 36... Rxb5 37. Rd1 {[%emt 0:01:15] Weighted Error Value: White=0.22 (precise) /Black=0.22 (precise)} 1/2-1/2

[Event "EYTCC Open U18 2022"]
[Site "Thessaloniki"]
[Date "2022.07.18"]
[Round "7.3"]
[White "Zemach, Nadav"]
[Black "Klimkowski, Jan"]
[Result "0-1"]
[ECO "A62"]
[WhiteElo "2225"]
[BlackElo "2398"]
[Annotator "TA"]
[PlyCount "82"]
[EventDate "2022.07.12"]
[EventType "team-tourn"]
[EventCountry "GRE"]
[SourceTitle "playchess.com"]
[Source "ChessBase"]
[SourceQuality "1"]
[WhiteTeam "Israel"]
[BlackTeam "Poland"]
[WhiteTeamCountry "ISR"]
[BlackTeamCountry "POL"]
[TimeControl "40/5400+30:1800+30"]

1. d4 Nf6 2. c4 e6 3. g3 c5 4. d5 exd5 5. cxd5 d6 6. Bg2 g6 7. Nc3 Bg7 8. Nf3 O-O 9. O-O Re8 10. Bf4 Bf5 $1 {[%emt 0:00:10][%mdl 4] outshines the older 10...a6. A62: Modern Benoni: Fianchetto Variation without early ...Nbd7.} 11. Nh4 Bg4 12. Qd2 b5 {[%emt 0:00:50][%cal Bb7b5,Bb5b4][%mdl 32] The position is equal.} 13. Rfe1 a6 {[%emt 0:13:22] [#]} 14. a4 $146 ({Predecessor:} 14. a3 Bc8 15. Nf3 Qb6 16. e4 Nbd7 17. h3 Bb7 18. Rad1 c4 19. g4 Nc5 20. e5 {½-½ (30) Robson,N (2608)-Martin Clemente,J (2620) ICCF email 2020}) 14... b4 15. Nd1 Bc8 16. a5 Ne4 $36 {[%emt 0:06:22][%mdl 2048] Black fights for an advantage.} 17. Qc2 f5 {[%emt 0:01:25] White must now prevent ...g5.} 18. Nf3 (18. Ne3 {looks sharper.} Bf6 19. Rad1 Bxh4 20. gxh4 Qxh4 21. Bg3) 18... Bb7 (18... Bd7 $15) 19. Qb3 ({White should try} 19. Ne3 $11) 19... Nd7 20. h4 {[%emt 0:14:24] [#]} (20. Ne3 $15) 20... Ndf6 $1 $17 {[%emt 0:04:05] Black is more active.} 21. Ne3 h6 {[%emt 0:01:43] Inhibits Ng5.} 22. Red1 Kh7 23. Bh3 Nh5 24. Nc4 Nxf4 25. gxf4 Nf6 26. Ne3 $2 {[%emt 0:02:05][%mdl 8192] This costs White the game.} (26. e3 $17) 26... Nh5 $19 27. Qc2 Qf6 ({Avoid the trap} 27... Nxf4 $2 28. Bxf5 Qf6 29. Bd3) 28. Rab1 Nxf4 29. Bf1 Re4 30. b3 Rae8 {[%emt 0:00:15] Strongly threatening ...Rxe3.} 31. Rd2 (31. Rd3 $142) 31... Rxe3 32. fxe3 Nxd5 33. Re1 Nxe3 34. Qd3 d5 35. Bh3 d4 {[%emt 0:00:51] [#] ( -> ...Qd6)} 36. Qb1 Qd6 {[%emt 0:00:56] Black mates.} 37. Kf2 Bxf3 38. Kxf3 Re4 39. Qxe4 fxe4+ 40. Kxe4 Qe5+ 41. Kd3 Qg3 {[%emt 0:00:21][%csl LRe1,LRh3,LRh4] Weighted Error Value: White=0.82/Black=0.11 (very precise)} 0-1

[Event "EYTCC Open U18 2022"]
[Site "Thessaloniki"]
[Date "2022.07.18"]
[Round "7.4"]
[White "Seemann, Jakub"]
[Black "Vagman, Roy"]
[Result "0-1"]
[ECO "D02"]
[WhiteElo "2382"]
[BlackElo "2180"]
[Annotator "TA"]
[PlyCount "134"]
[EventDate "2022.07.12"]
[EventType "team-tourn"]
[EventCountry "GRE"]
[SourceTitle "playchess.com"]
[Source "ChessBase"]
[SourceQuality "1"]
[WhiteTeam "Poland"]
[BlackTeam "Israel"]
[WhiteTeamCountry "POL"]
[BlackTeamCountry "ISR"]
[TimeControl "40/5400+30:1800+30"]

1. d4 d5 2. Nf3 Nf6 3. g3 e6 4. Bg2 Be7 5. O-O b5 6. a4 b4 7. c4 bxc3 8. Nxc3 O-O {[%emt 0:00:42] A46: 1 d4 Nf6 2 Nf3 e6: Torre, London and Colle Systems.} 9. Bf4 Na6 10. Ne5 Bb7 {[%emt 0:01:59] White is slightly better.} 11. Qc2 {[%emt 0:01:07] [#]} (11. Qb3 $1 $14 Qc8 12. Rfc1) 11... Nb4 $146 (11... Nd7 {keeps more tension.} 12. Rfc1 Nxe5 13. Bxe5 c6) ({Predecessor:} 11... c5 12. dxc5 Bxc5 13. a5 Qe7 14. Qa4 Rfc8 15. Rac1 Nb4 16. Na2 Nxa2 17. Qxa2 Ba6 {0-1 (48) Hrabusa,M (2397)-Druska,J (2460) Ruzomberok 2019}) 12. Qd2 a5 13. Rac1 Rc8 14. Bg5 h6 15. Be3 Nd7 16. Nxd7 Qxd7 17. Rfd1 Ba6 18. b3 {[%emt 0:15:01] Inhibits Bc4.} Rfd8 19. Na2 Rb8 20. Bf4 Rb7 (20... Nc6 $5 21. Rc3 Rb6 $15) 21. Nxb4 Bxb4 22. Qc2 Ba3 23. Ra1 Bd6 24. Rdc1 Rdb8 {[%emt 0:03:09] Hoping for ...Bxf4.} 25. Rab1 Bxf4 26. gxf4 Qd6 27. f5 (27. e3 $11) 27... exf5 $15 28. Qxf5 c6 29. Rc3 Re7 (29... Bxe2 $17 {[%cal Oe2c4] Strongly threatening ...Bc4!} 30. Rbc1 Rb6) 30. Rbc1 $11 Bc8 31. Qc2 Bd7 32. Rc5 (32. Kh1 $15) 32... Qf6 33. e3 Qg5 34. Kh1 Re6 $1 ({Much less strong is} 34... Bf5 35. Qd1 $11) 35. Rc3 Rg6 36. f4 Qh5 37. Qf2 (37. e4 $15) 37... Re8 $17 38. Bf3 {[%emt 0:00:43] [#]} Bg4 39. Bxg4 Qxg4 40. Rg1 Qf5 41. Rxg6 Qxg6 {[%emt 0:03:31][%mdl 4096] Endgame KQR-KQR} 42. h3 Qb1+ 43. Kh2 Re6 {[%emt 0:12:45] White must now prevent ...Rg6. 0x0.00200b187018dp-1022s more active pieces.} 44. Qc2 Qxc2+ (44... Qe1 {with more complications.} 45. Rxc6 Re4 46. Rc8+ Kh7) 45. Rxc2 Rxe3 46. Rxc6 Rxb3 {[%emt 0:00:40] KR-KR} 47. Rc5 Rb4 48. Rxa5 Rxd4 49. f5 Kf8 50. Kg3 {[%emt 0:01:32] [#]} Ke7 $1 51. Ra6 Rb4 52. Kf3 Rb3+ (52... Rc4 $17 53. a5 Rh4) 53. Kf4 $15 f6 54. a5 $2 {[%emt 0:08:04][%mdl 8192] Loses the game.} ({White should play} 54. Kg4 $15) 54... Rxh3 $19 {[%emt 0:00:46] ...Ra3 is the strong threat.} 55. Rb6 (55. Ra7+ $142 Kd6 56. Rxg7) 55... Rh4+ {[%emt 0:00:29] Black is clearly winning.} 56. Kf3 Ra4 57. a6 Kf7 58. Rd6 Kg8 59. Rxd5 Rxa6 60. Rd1 Ra3+ 61. Kg4 Kh7 62. Rh1 Ra4+ 63. Kf3 Kg8 64. Kg3 Kf7 65. Rh2 Ra1 66. Rb2 Rg1+ 67. Kf4 Kg8 {[%emt 0:00:22] Weighted Error Value: White=0.63/Black=0.20 (precise)} (67... h5 $142 68. Rb8 Rf1+ 69. Ke4 h4) 0-1

[Event "EYTCC Open U18 2022"]
[Site "Thessaloniki"]
[Date "2022.07.18"]
[Round "7.5"]
[White "Fromm, Marius"]
[Black "Svane, Frederik"]
[Result "0-1"]
[ECO "C50"]
[WhiteElo "2391"]
[BlackElo "2521"]
[Annotator "TA"]
[PlyCount "102"]
[EventDate "2022.07.12"]
[EventType "team-tourn"]
[EventCountry "GRE"]
[SourceTitle "playchess.com"]
[Source "ChessBase"]
[SourceQuality "1"]
[WhiteTeam "Germany"]
[BlackTeam "Germany"]
[WhiteTeamCountry "GER"]
[BlackTeamCountry "GER"]
[TimeControl "40/5400+30:1800+30"]

1. e4 e5 2. Nf3 Nc6 3. Bc4 Bc5 4. d3 Nf6 5. O-O d6 6. c3 a6 7. a4 {[%emt 0:00:22] C54: Giuoco Piano: 4 c3 Nf6, main lines with 5 d4 and 5 d3.} Ba7 8. Re1 h6 9. Nbd2 {[%emt 0:00:34] The position is equal.} g5 10. b4 Nh7 $1 {[%emt 0:00:10][%mdl 4] is more profitable than 10...g4 at the moment.} 11. Nf1 g4 $1 12. N3d2 (12. Bxh6 $2 Qf6 13. Be3 gxf3 14. Qxf3 Qxf3 15. gxf3 Bh3 $19) 12... Qf6 13. Ne3 {[%emt 0:02:52] [#]} Bxe3 $146 ({Predecessor:} 13... Ne7 14. d4 Ng5 15. Bb2 h5 16. b5 exd4 17. cxd4 Bxd4 18. Bxd4 Qxd4 19. bxa6 bxa6 {½-½ (43) Ponomariov,R (2631)-Bartel,M (2626) Dortmund 2021}) 14. Rxe3 (14. fxe3 $5 Qh4 15. g3 $16) 14... h5 15. f3 Ne7 16. Qf1 g3 (16... Ng6 $11) 17. hxg3 $16 h4 18. f4 (18. g4 $1 $16) 18... Qh6 $1 $11 19. Nb3 hxg3 {[%emt 0:09:08] ( -> ...Qh2#)} 20. Rxg3 Nf6 21. f5 $2 (21. Qf3 $17 {is a better defense.} Qh2+ 22. Kf2) 21... Qh2+ $19 22. Kf2 Qh4 23. Bg5 Ng4+ 24. Kf3 Nh2+ $2 {[%emt 0:00:10] Dancing on a razor blade. Pair of Knights!} (24... Qxg5 $19 {has better winning chances.} 25. Ke2 (25. Rxg4 $2 Qh5 $19) 25... Rh4) 25. Kf2 $17 Ng4+ $2 (25... Qxg3+ $1 $17 26. Kxg3 Nxf1+ 27. Rxf1 Bd7) 26. Kf3 $19 Qxg5 (26... Nh2+ $2 27. Kf2 Ng4+ $19) 27. Rxg4 Qh5 28. Qe2 {[%emt 0:04:04] [#]} d5 (28... Rg8 29. Kg3 Rg5 30. Qf3 $17) (28... Nxf5 $142 $1 {[%cal Of5d4][%mdl 512] ...Nd4+! is the strong threat.} 29. exf5 (29. Kf2 $2 Nh6 $19) 29... Bxf5) 29. Bxd5 Nxd5 30. exd5 Bxf5 {[%emt 0:03:40][%mdl 64] Pin} 31. Qxe5+ Kf8 (31... Kd8 32. Qf6+ Kc8 33. Qg5 Bxg4+ 34. Qxg4+ Qxg4+ 35. Kxg4 $11) (31... Kd7 $1 $17 32. Nc5+ Kc8) 32. Qg7+ $11 Ke8 33. Re1+ Kd7 {[%emt 0:00:10] Hoping for ...Rag8.} 34. Nc5+ Kc8 35. Re7 Kb8 $1 (35... Kd8 $2 36. Rxf7 $1 Qxg4+ 37. Qxg4 Bxg4+ 38. Kxg4 Rg8+ 39. Kf5 $18) 36. c4 $2 Ka7 $1 $19 37. Qg5 ({Of course not} 37. Rxc7 Rae8 38. Rxb7+ Ka8) (37. Ke3 $142 Qh1 38. Rg5) 37... Qh1 $2 (37... Bxg4+ $19 38. Qxg4 Qh1) 38. Rf4 $2 {[%emt 0:05:57][%mdl 8192] [#]} ({But not} 38. Rxc7 $2 Qf1+ 39. Ke3 Rae8+ 40. Ne4 Qg1+ 41. Kd2 Bxg4 42. Qe3+ (42. Qxg4 $2 Reg8 $19) 42... Qxe3+ 43. Kxe3 f5 $19) (38. Qxf5 $11 Qf1+ 39. Ke4 Qe1+ 40. Kd4 Qa1+ 41. Ke4 Qe1+ 42. Kd4 Qa1+ 43. Ke4 Qe1+) 38... Rag8 $1 39. Qxf5 Rxg2 40. Ke3 Qg1+ 41. Rf2 Rxf2 $2 (41... Qe1+ $19 {and Black stays clearly on top.} 42. Kd4 Rh4+ 43. Ne4 Rxf2 44. Rxf7 Rxf5 45. Rxf5 Qxb4) 42. Qxf2 $17 Qg5+ $40 {[%emt 0:00:03][%mdl 128] Black goes for the king.} 43. Kd4 Qxe7 {[%emt 0:00:02][%mdl 4096] Endgame KQR-KQN} 44. a5 {[%emt 0:05:00] [#]} (44. Kc3 $17) 44... Kb8 (44... Rh1 $1 $19 {Strongly threatening ...Kb8.} 45. Ne4 Qxb4 46. Ke5+ Ka8 47. Qxf7 Qb2+ 48. Ke6 Qh8) 45. Qg3 $2 (45. Kc3 $17) 45... Qf6+ $19 46. Qe5 Rh4+ 47. Ne4 Qf2+ 48. Kc3 Qe1+ 49. Kc2 Qe2+ 50. Kc3 Rh3 51. Qd4 Rh2 {[%emt 0:00:08] Weighted Error Value: White=1.06/Black=0.39} 0-1

[Event "EYTCC Open U18 2022"]
[Site "Thessaloniki"]
[Date "2022.07.18"]
[Round "7.6"]
[White "Koellner, Ruben Gideon"]
[Black "Deuer, Marius"]
[Result "1/2-1/2"]
[ECO "A45"]
[WhiteElo "2422"]
[BlackElo "2338"]
[Annotator "TA"]
[PlyCount "87"]
[EventDate "2022.07.12"]
[EventType "team-tourn"]
[EventCountry "GRE"]
[SourceTitle "playchess.com"]
[Source "ChessBase"]
[SourceQuality "1"]
[WhiteTeam "Germany"]
[BlackTeam "Germany"]
[WhiteTeamCountry "GER"]
[BlackTeamCountry "GER"]
[TimeControl "40/5400+30:1800+30"]

1. d4 Nf6 2. Bg5 Ne4 3. Bf4 c5 4. f3 Qa5+ 5. c3 Nf6 6. d5 Qb6 7. Bc1 e6 8. e4 exd5 9. exd5 d6 {[%emt 0:00:09] A45: Trompowsky Attack.} 10. c4 g6 11. Bd3 Bg7 {[%emt 0:01:27] White has an edge.} 12. Qe2+ Kd8 {[%emt 0:00:04] ...Re8 is the strong threat.} 13. Qc2 (13. Bg5 $2 Re8 14. Be4 h6 $19) 13... Nbd7 14. Nc3 Ne5 15. Nge2 Re8 16. O-O Ke7 17. Ng3 Kf8 18. Be2 h5 {[%emt 0:23:21] [#]} 19. h3 $146 (19. f4 $1 $16 Neg4 20. f5) ({Predecessor:} 19. f4 Neg4 20. f5 h4 21. fxg6 hxg3 22. gxf7 gxh2+ 23. Kh1 Re5 24. Bxg4 Bxg4 25. Rxf6 Bxf6 {½-½ (69) Matic,Z-Greig,S (2223) ICCF email 2015}) 19... h4 $14 20. Nge4 Nxe4 21. Nxe4 (21. Qxe4 {[#]} Ng4 $1 22. Qxe8+ Kxe8 $17) 21... Bf5 22. Bg5 Nd7 23. Rab1 ({Reject} 23. Bxh4 Qxb2 24. Qxb2 Bxb2 $15) 23... Nf6 24. Bd3 (24. Bxf6 Bxf6 25. Kh1 Kg7 $11) ({Don't play} 24. Bxh4 Nxe4 25. fxe4 Rxe4 26. Rxf5 gxf5 $15) 24... Nxd5 25. cxd5 {[%emt 0:08:08] aiming for Kh1.} c4+ $1 26. Kh1 cxd3 27. Qxd3 Qb4 28. Rfe1 Bxe4 29. fxe4 ({Of course not} 29. Rxe4 Rxe4 30. fxe4 Re8 $11) 29... Rac8 30. Bxh4 Qd4 31. Qf3 {[%emt 0:03:29] Black must now prevent Rf1.} Rc2 $2 (31... Kg8 $16) 32. Rf1 $18 Rc7 33. Qg3 $2 ({Only move:} 33. Rbc1 $18 Qb6 34. Bf6) 33... Kg8 $1 $11 {[%emt 0:03:46] The position is equal.} 34. Qxd6 Be5 $36 {[%emt 0:01:01][%mdl 2048] White is under pressure.} 35. Bf6 {[%emt 0:00:54][%cal Od6c7] Strongly threatening Qxc7!} Qxe4 36. Bxe5 {[%emt 0:00:20] Dancing on a razor blade.} Qxe5 37. Qxe5 Rxe5 {[%emt 0:00:06][%mdl 4096] Endgame KRR-KRR} 38. Rfd1 Rd7 39. d6 Re6 40. Rbc1 Rexd6 41. Rxd6 Rxd6 42. Rc7 Rb6 43. b3 Ra6 44. Rc2 {[%emt 0:00:18] Weighted Error Value: White=0.11 (very precise) /Black=0.13 (very precise)} 1/2-1/2

[Event "EYTCC Open U18 2022"]
[Site "Thessaloniki"]
[Date "2022.07.18"]
[Round "7.7"]
[White "Colbow, Collin"]
[Black "Koelle, Tobias"]
[Result "1/2-1/2"]
[ECO "B30"]
[WhiteElo "2325"]
[BlackElo "2436"]
[Annotator "TA"]
[PlyCount "58"]
[EventDate "2022.07.12"]
[EventType "team-tourn"]
[EventCountry "GRE"]
[SourceTitle "playchess.com"]
[Source "ChessBase"]
[SourceQuality "1"]
[WhiteTeam "Germany"]
[BlackTeam "Germany"]
[WhiteTeamCountry "GER"]
[BlackTeamCountry "GER"]
[TimeControl "40/5400+30:1800+30"]

1. e4 {[%emt 0:00:04] Roiz,M} c5 2. Nf3 Nc6 3. Nc3 e5 4. Bc4 d6 5. d3 Be7 6. O-O Nf6 7. Ng5 O-O 8. f4 Bg4 {[%emt 0:08:24] B30: Sicilian: 2...Nc6 3 Bb5, lines without ...g6.} 9. Qe1 h6 10. Nf3 Bxf3 11. gxf3 Nh5 12. Nd5 Bh4 {[%emt 0:03:06] [#]} 13. Qe2 $146 ({Predecessor:} 13. Qd1 Kh7 14. f5 Bg5 15. Rf2 g6 16. Bxg5 Qxg5+ 17. Rg2 Qd8 18. c3 gxf5 19. f4 Nxf4 20. Nxf4 exf4 21. Qh5 Qf6 22. Qxf5+ Qxf5 23. exf5 Rae8 {½-½ (23) Nijboer,F (2567)-Kuzubov,Y (2530) Groningen 2004 CBM 105 [Roiz,M]}) 13... b5 14. Bb3 ({Wrong is} 14. Bxb5 $2 Nd4 15. Qg2 Nxb5 $19) 14... a5 {[%emt 0:02:02] [#] And now ...a4 would win.} 15. a4 $1 Nd4 16. Qg2 Nxf4 ({Black should try} 16... Nxb3 $11 17. cxb3 exf4) 17. Bxf4 ({White should play} 17. Nxf4 $14 exf4 18. Bd5) 17... exf4 $11 18. axb5 Nxb3 19. cxb3 Bf6 (19... Rb8 $5 ) 20. Qd2 ({Reject} 20. Nxf4 Bd4+ 21. Kh1 Rb8 $15) 20... Bd4+ 21. Kh1 Be3 22. Qe1 Bd4 23. Qd2 Be3 24. Qe1 Bd4 25. Ra2 Kh8 26. Qd2 Be3 27. Qe1 Bd4 28. Qd2 ({Much worse is} 28. Nxf4 Qb6 $11) 28... Be3 29. Qe1 Bd4 {[%emt 0:00:19] An even fight not without its subleties.  Weighted Error Value: White=0.08 (flawless) /Black=0.07 (flawless)} 1/2-1/2

[Event "EYTCC Open U18 2022"]
[Site "Thessaloniki"]
[Date "2022.07.18"]
[Round "7.8"]
[White "Krastev, Alexander"]
[Black "Cherniaiev, Tykhon"]
[Result "1/2-1/2"]
[ECO "C50"]
[WhiteElo "2435"]
[BlackElo "2186"]
[Annotator "TA"]
[PlyCount "48"]
[EventDate "2022.07.12"]
[EventType "team-tourn"]
[EventCountry "GRE"]
[SourceTitle "playchess.com"]
[Source "ChessBase"]
[SourceQuality "1"]
[WhiteTeam "Germany"]
[BlackTeam "Germany"]
[WhiteTeamCountry "GER"]
[BlackTeamCountry "GER"]
[TimeControl "40/5400+30:1800+30"]

1. e4 e5 2. Nf3 Nc6 3. Bc4 Bc5 4. Nc3 Nf6 5. d3 d6 6. Na4 Bb6 7. Nxb6 axb6 8. a3 {[%emt 0:00:09] C50: Hungarian Defence and Giuoco Pianissimo.} h6 9. h3 O-O 10. Qe2 {[%emt 0:08:49] The position is equal.} Be6 {[%emt 0:08:58] [#]} 11. Bd2 $146 ({Predecessor:} 11. Bxe6 fxe6 12. O-O Qe8 13. g4 Qf7 14. Kg2 Nh7 15. c3 Ne7 16. Ne1 Ng6 17. Kg1 {1-0 (37) Bolhari,O (2152)-Vicente,J (1839) Figueira da Foz 2010}) 11... d5 12. exd5 Bxd5 13. O-O-O Re8 14. Bc3 Nd4 $1 15. Bxd4 exd4 16. Qd2 Qd6 17. Nxd4 {[%emt 0:13:45] [#]} Rxa3 $1 18. bxa3 Qxa3+ 19. Kb1 Ra8 (19... Bxc4 $1 $15 20. c3 (20. dxc4 $2 Ne4 $19) 20... Bd5) 20. Nb3 {[%emt 0:00:19] Threatens to win with Qc3.} (20. c3 $5 Qa1+ 21. Kc2 Qa4+ 22. Kc1 (22. Bb3 Bxb3+ 23. Nxb3 Qa2+ 24. Kc1 Qxb3 $15) 22... Qa1+ 23. Kc2 Qa4+ 24. Kc1 (24. Bb3 Bxb3+ 25. Nxb3 Qa2+ 26. Kc1 Qxb3 $15) 24... Qa1+ 25. Kc2 $11) 20... Qa2+ {[%emt 0:00:12][%mdl 1024] Black has compensation.} 21. Kc1 {[%emt 0:00:04] [#] Qb4 is the strong threat.} Qa3+ (21... b5 $11 {should be considered.} 22. Qc3 bxc4 23. dxc4 Bxg2) 22. Kb1 $15 {[%emt 0:00:04] Hoping for Qc3.} Qa2+ (22... b5 $5 23. Qc3 (23. Bxd5 Nxd5 24. c4 Qxb3+ 25. Qb2 Nc3+ 26. Kc1 Qxb2+ 27. Kxb2 Nxd1+ 28. Rxd1 Kf8 $17) 23... bxc4 24. dxc4 Bxg2 $11) 23. Kc1 Qa3+ (23... b5 $5 24. Qc3 bxc4 25. dxc4 Bxg2 $11) 24. Kb1 {[%emt 0:00:05] And now Qc3 would win.} Qa2+ {[%emt 0:00:05] Weighted Error Value: White=0.19 (very precise) /Black=0.18 (very precise)} (24... b5 $1 $15 25. Qc3 (25. Bxd5 Nxd5 26. c4 Qxb3+ 27. Qb2 Nc3+ 28. Kc1 Na2+ 29. Kb1 Nc3+ 30. Kc1 Qxb2+ 31. Kxb2 Nxd1+ 32. Rxd1 Kf8 $17) 25... bxc4 26. dxc4 Bxg2) 1/2-1/2

[Event "EYTCC Open U18 2022"]
[Site "Thessaloniki"]
[Date "2022.07.18"]
[Round "7.9"]
[White "Borhy, Marcell"]
[Black "Milikow, Yoav"]
[Result "1-0"]
[ECO "A20"]
[WhiteElo "2411"]
[BlackElo "2452"]
[Annotator "TA"]
[PlyCount "53"]
[EventDate "2022.07.12"]
[EventType "team-tourn"]
[EventCountry "GRE"]
[SourceTitle "playchess.com"]
[Source "ChessBase"]
[SourceQuality "1"]
[WhiteTeam "Hungary"]
[BlackTeam "Israel"]
[WhiteTeamCountry "HUN"]
[BlackTeamCountry "ISR"]
[TimeControl "40/5400+30:1800+30"]

1. c4 e5 2. g3 c6 3. Nf3 e4 4. Nd4 d5 5. cxd5 Qxd5 6. Nc2 {[%emt 0:00:09] A20: English Opening: 1...e5.} Nf6 7. Nc3 Qe5 8. Bg2 {[%emt 0:00:37] The position is equal.} Be7 9. d3 exd3 10. Qxd3 O-O {[%emt 0:00:40] [#]} 11. Qe3 $146 ({Predecessor:} 11. O-O Qh5 12. Bf4 Rd8 13. Qf3 Bg4 14. Qe3 Bc5 15. Qe5 Qxe5 16. Bxe5 Nbd7 17. Bf4 {0-1 (35) Krysa,L (2503)-Hammer,J (2662) Chess.com INT 2018}) 11... Qc7 12. O-O Bf5 13. Nd4 Bg6 14. Rd1 Na6 15. f3 Rad8 16. Qf2 Bc5 (16... Qb6 $15) 17. e4 $1 $14 Nd7 18. Bf4 Ne5 19. Na4 Bd6 20. Bf1 Qa5 ({Better is} 20... Nc5 $14 21. Bxe5 Nxa4 22. Bxd6 Qxd6) 21. Nc3 $16 Bc7 22. Be3 Bb6 23. a3 Qc5 {[%emt 0:02:24][%cal Od8d4] [#] ...Rxd4! is the strong threat.} 24. Be2 Nc4 (24... f6 $16 25. f4 Qe7) 25. b4 $18 Nxb4 (25... Nxe3 26. bxc5 Nxd1 27. Rxd1 Nxc5) 26. Na4 $2 (26. axb4 $18 {and the rest is easy.} Qxb4 27. Ra4 Qxc3 28. Bxc4) 26... Nxe3 $16 27. Nxc5 {[%emt 0:00:06] Weighted Error Value: White=0.20 (precise) /Black=0.26 (precise)} 1-0